 Dungeon Crawl Stone Soup version 0.31-a0-196-g86fe4a5e66 (webtiles) character file.

Game seed: 5838928822418327222

2417 NinjaNoafa the Summoner (level 9, -5/34 HPs)
             Began as a Felid Summoner on June 1, 2023.
             Was an Initiate of Gozag.
             Slain by an ogre
             ... wielding a +0 halberd
              (12 damage)
             ... in a bailey on June 24, 2023.
             The game lasted 00:22:38 (6316 turns).

NinjaNoafa the Summoner (Felid Summoner)            Turns: 6316, Time: 00:22:39

Health: -5/34      AC:  2    Str:  4    XL:     9   Next: 24%
Magic:  1/22       EV: 17    Int: 21    God:    Gozag
Gold:   319        SH:  0    Dex: 16    Spells: 8/25 levels left
                                        Lives:  0   Deaths: 2

rFire   . . .        (weapon unavailable)
rCold   . . .        (shield unavailable)
rNeg    . . .        (body armour unavailable)
rPois   +            (helmet unavailable)
rElec   .            (cloak unavailable)
rCorr   .            (gloves unavailable)
SInv    +            (boots unavailable)
Will    +....        (no amulet)
Stlth   ++++         c - ring of poison resistance
HPRegen 0.25/turn    (no ring)
MPRegen 0.18/turn

%: no passive effects
@: gold aura, studying Stealth, quick
A: very small, claws 1, fangs 3, see invisible, speed 1, shaggy fur 2, stealthy
paws, no weapons or thrown items, no armour, multi-lived
a: Renounce Religion, Potion Petition, Call Merchant, Bribe Branch


You were in a bailey.
You worshipped Gozag.
Gozag was aware of your devotion.
You visited 2 branches of the dungeon, and saw 9 of its levels.
You also visited: Bailey.

You collected 532 gold pieces.
You spent 88 gold pieces at shops.
You paid 125 gold pieces to Gozag.

Inventory:

Jewellery
 c - a ring of poison resistance (left paw)
Scrolls
 d - a scroll of teleportation
 g - 4 scrolls of noise
 m - a scroll of amnesia
 p - a scroll of fear {unknown}
 s - 2 scrolls of vulnerability {unknown}
 t - a scroll of immolation {unknown}
Potions
 a - a potion of enlightenment {unknown}
 b - 2 potions of attraction
 e - 2 potions of lignification
 f - a potion of ambrosia {unknown}
 h - 2 potions of haste
 i - 5 potions of curing
 j - 2 potions of might {unknown}
 l - 2 potions of heal wounds
 q - a potion of mutation
 r - a potion of cancellation {unknown}


   Skills:
 - Level 2.6 Dodging
 - Level 8.0 Stealth
 - Level 8.6 Spellcasting
 - Level 5.0 Hexes
 - Level 9.9 Summonings
 + Level 5.4 Air Magic


You had 8 spell levels left.
You knew the following spells:

 Your Spells              Type           Power      Damage    Failure   Level
b - Call Imp              Summ           100%       N/A       1%          2
c - Call Canine Familiar  Summ           50%        N/A       1%          3
d - Summon Guardian Gole  Hex/Summ       40%        N/A       1%          3
e - Summon Lightning Spi  Summ/Air       41%        N/A       3%          4
f - Summon Mana Viper     Hex/Summ       40%        N/A       10%         5

Your spell library contained the following spells:

 Spells                   Type           Power      Damage    Failure   Level
 Summon Small Mammal      Summ           100%       N/A       1%          1
 Shock                    Conj/Air       80%        1d8       2%          1
 Swiftness                Air            32%        N/A       2%          3
 Ensorcelled Hibernation  Hex/Ice        38%        N/A       4%          2
 Beastly Appendage        Tmut           18%        N/A       8%          1
 Airstrike                Air            16%        2d(3-19)  8%          4
 Inner Flame              Hex/Fire       19%        N/A       9%          3
 Passwall                 Tmut/Erth      7%         N/A       12%         2
 Wereblood                Tmut           9%         N/A       12%         2
 Summon Cactus Giant      Summ           25%        N/A       19%         6
 Spider Form              Tmut/Pois      9%         N/A       22%         3
 Summon Forest            Summ/Tloc      14%        N/A       26%         5
 Olgreb's Toxic Radiance  Pois           9%         N/A       58%         4
 Yara's Violent Unravell  Hex/Tmut       9%         3d6       58%         5
 Enfeeble                 Hex            15%        N/A       100%        7
 Discord                  Hex            15%        N/A       100%        8
 Ignition                 Fire           4%         3d4       100%        8


Dungeon Overview and Level Annotations

Branches:
Dungeon (8/15) Zot: 26922  Temple (1/1) D:7 Zot: 5906  Bailey (1/1) Zot: 5943
   Lair: D:8-11

Altars:
Ashenzari
Dithmenos
Elyvilon
Gozag
Kikubaaqudgha
Nemelex Xobeh
Okawaru
Qazlal
Ru
Sif Muna
Trog
Uskayaw
Vehumet
Xom
Yredelemnul
The Shining One

Shops:
D:2 [   D:4 *

Annotations:
D:6 Dowan, Duvessa
D:7 2 runed translucent doors


Innate Abilities, Weirdness & Mutations

You have sharp claws.
You have razor-sharp teeth.
You have supernaturally acute eyesight. (SInv)
You cover ground quickly. (Speed+)
You are covered in thick fur. (AC +2)
Your paws help you pounce on unaware monsters.
You are incapable of wielding weapons or throwing items.
You cannot wear armour.
You gain extra lives every three experience levels.


Message History

It is a scroll of amnesia.
Forget Summon Small Mammal, freeing 1 spell level for a total of 8?
Your memory of Summon Small Mammal unravels.
As you read the scroll labelled PIPAMYNAXIUT, it crumbles to dust.
It is a scroll of enchant armour.
You aren't carrying any armour which can be enchanted further.
Your extra speed is starting to run out.
As you read the scroll labelled TYNKIM QIMIWK, it crumbles to dust.
Wisps of shadow whirl around you...
It was a scroll of summoning.
What are your orders? t - Meow!
Orders for allies: a - Attack new target. r - Retreat! s - Stop attacking. g - Guard the area. f - Follow me.
Anything else - Cancel.
Gang up on whom?
Press: ? - help, Dir - move target, f - ogre
Aim: an ogre, wielding a +0 glaive (blue smoke) Attack!
You swap places.
Your orc barely misses the ogre.
Something hits your orc!
Your orc dies!
Your orc's corpse dissolves into shadows!
The ogre shouts!
You feel yourself slow down.
Your orc hits the ogre with a +0 heavy mace.
Your orc barely misses the ogre.
The ogre misses you.
Your orc hits the ogre with a +0 mace.
Your orc hits the ogre with a +0 heavy mace!
The ogre hits you from afar with a +0 glaive!
* * * LOW HITPOINT WARNING * * *
Casting: Summon Mana Viper (extremely dangerous; 10% risk of failure)
Confirm with . or Enter, or press ? or * to list all spells.
An electric hum fills the air.
Your orc closely misses the ogre.
The ogre closely misses you.
Your orc hits the ogre with a +0 heavy mace.
The ogre dies!
The ogre hits you from afar with a +0 halberd!
You die...
Your body crumbles into a pile of gold.

#########
#.......##
#.........##
#.O##♣♣♣#♣..##
##.. .. #♣..##
##..# .. ##..##
#.OO# . ##..#
#.§§#.♣ #..~
#§@8#.♣ #OX~
#ooo§.♣ #..~
#§§§# #..~
#§§§# #.X~
#§§§♣ ##..#
##..#♣ ##..##
##..♣# ##..##
##.O#######..##
##.........##


You could see 2 ogres, a friendly lightning spire (summoned) and 3 friendly
orcs.

Vanquished Creatures
  A yak (D:7)
1 creature vanquished.

Vanquished Creatures (collateral kills)
  Pikel (D:8)
  A kobold demonologist (D:7)
  Sigmund (D:3)
  A yak (D:7)
  A steam dragon (D:8)
  2 water moccasins
  An orc warrior (D:8)
  An ice beast (D:6)
  3 ogres
  A phantom (D:4)
  2 lemures (D:8)
  2 necrophages (D:6)
  2 bullfrogs (D:7)
  A wyvern zombie (D:6)
  3 scorpions
  3 jellies
  An oklob sapling (D:7)
  A howler monkey (D:8)
  A human zombie (D:6)
  3 bullfrog zombies (D:6)
  A centaur zombie (D:6)
  A gnoll bouda (D:7)
  5 hounds
  An orc priest (D:4)
  3 iguanas
  3 orc wizards
  A sleepcap (D:5)
  A killer bee zombie (D:6)
  2 mummies (D:6)
  10 gnolls
  12 adders
  2 shadow imps
  A white imp (D:6)
  5 dart slugs
  13 orcs
  9 ball pythons
  3 bats
  8 endoplasms
  2 giant cockroaches
  5 goblins
  4 hobgoblins
  4 jackals (D:1)
  9 kobolds
  5 quokkas
  2 frilled lizards
  4 rats
148 creatures vanquished.

Vanquished Creatures (others)
  A troll (D:7)
  A slime creature (D:7)
  2 yaks (D:7)
  2 centaurs
  Blork the orc (D:5)
  A gnoll sergeant (D:7)
  5 wights (D:6)
  An iguana (D:7)
  A gnoll (D:7)
15 creatures vanquished.

Grand Total: 164 creatures vanquished

Notes
Turn   | Place    | Note
-------+----------+-------------------------------------------
     0 | D:1      | NinjaNoafa the Felid Summoner began the quest for the Orb.
     0 | D:1      | Reached XP level 1. HP: 7/7 MP: 4/4
    81 | D:1      | Reached XP level 2. HP: 10/11 MP: 3/6
    84 | D:1      | Learned a level 2 spell: Call Imp
   345 | D:1      | Reached XP level 3. HP: 14/14 MP: 2/8
   349 | D:1      | Learned a level 3 spell: Call Canine Familiar
   746 | D:2      | Found Ivaasaq's Antique Armour Shoppe.
   958 | D:2      | Reached XP level 4. HP: 16/18 MP: 9/9
   974 | D:2      | Reached skill level 5 in Summonings
  1433 | D:3      | Reached XP level 5. HP: 21/21 MP: 3/11
  1437 | D:3      | Learned a level 3 spell: Summon Guardian Golem
  1641 | D:3      | Noticed Sigmund
  1727 | D:3      | Killed Sigmund
  1728 | D:3      | Gained mutation: You are covered in thick fur. (AC +2)
                  | [Felid growth]
  1728 | D:3      | Reached XP level 6. HP: 10/24 MP: 5/13
  1937 | D:4      | Reached skill level 6 in Summonings
  1964 | D:4      | Found Yreus's General Store.
  1993 | D:4      | Bought a potion of degeneration for 11 gold pieces
  2000 | D:4      | Bought a scroll of identify for 22 gold pieces
  2003 | D:4      | Bought a potion of heal wounds for 55 gold pieces
  2169 | D:4      | Found an iron altar of Okawaru.
  2294 | D:4      | Upgraded the game from 0.31-a0-128-g25add195a6 to
                  | 0.31-a0-152-g6aa68a64a1
  2319 | D:4      | Reached XP level 7. HP: 14/27 MP: 4/15
  2554 | D:4      | Found a bloodstained altar of Trog.
  2568 | D:5      | Entered Level 5 of the Dungeon
  2852 | D:5      | Reached skill level 5 in Spellcasting
  2852 | D:5      | Reached skill level 5 in Hexes
  3018 | D:5      | Noticed Blork the orc
  3033 | D:5      | Killed Blork the orc
  3376 | D:5      | Reached skill level 7 in Summonings
  3457 | D:5      | Reached XP level 8. HP: 31/31 MP: 9/17
  3638 | D:5      | Shot with an arrow by a centaur
  3639 | D:5      | Reached XP level 7. HP: -1/27 MP: 12/16
  4093 | D:6      | Reached skill level 1 in Air Magic
  4106 | D:6      | Reached skill level 8 in Summonings
  4145 | D:6      | Reached XP level 8. HP: 31/31 MP: 7/19
  4222 | D:6      | Found a shimmering blue altar of Sif Muna.
  4347 | D:6      | Noticed Duvessa
  4347 | D:6      | Noticed Dowan
  4495 | D:6      | Found an ancient bone altar of Kikubaaqudgha.
  4604 | D:6      | Upgraded the game from 0.31-a0-152-g6aa68a64a1 to
                  | 0.31-a0-154-g56bf346678
  4776 | D:6      | Found a basalt altar of Yredelemnul.
  4812 | D:6      | Found a sacrificial altar of Ru.
  4900 | D:7      | Noticed a troll
  4901 | D:7      | Noticed a kobold demonologist
  4902 | D:7      | Noticed a slime creature
  4929 | D:7      | Noticed an orange demon
  4989 | D:7      | Found a staircase to the Ecumenical Temple.
  5046 | D:7      | Reached skill level 9 in Summonings
  5046 | D:7      | Reached XP level 9. HP: 14/34 MP: 4/21
  5321 | D:7      | Upgraded the game from 0.31-a0-154-g56bf346678 to
                  | 0.31-a0-177-g4aa6249778
  5467 | D:7      | Reached skill level 5 in Air Magic
  5525 | D:7      | Killed a kobold demonologist
  5552 | D:7      | Found a large runed translucent door.
  5553 | D:7      | Found a large runed translucent door.
  5645 | D:7      | Killed a troll
  5760 | D:7      | Found a glowing golden altar of the Shining One.
  5865 | D:7      | Learned a level 4 spell: Summon Lightning Spire
  5878 | Temple   | Entered the Ecumenical Temple
  5971 | Temple   | Became a worshipper of Gozag Ym Sagoz the Greedy
  6041 | D:8      | Upgraded the game from 0.31-a0-177-g4aa6249778 to
                  | 0.31-a0-182-gc5ef74bbde
  6065 | D:8      | Reached skill level 5 in Stealth
  6149 | D:8      | Killed from afar by an electric eel
  6150 | D:8      | Reached XP level 8. HP: -4/31 MP: 16/21
  6162 | D:8      | Noticed Pikel
  6165 | D:8      | Upgraded the game from 0.31-a0-182-gc5ef74bbde to
                  | 0.31-a0-187-gba352fbbf7
  6165 | D:8      | Upgraded the game from 0.31-a0-187-gba352fbbf7 to
                  | 0.31-a0-188-g5e087ee2ca
  6176 | D:8      | Killed Pikel
  6177 | D:8      | Reached XP level 9. HP: 34/34 MP: 19/22
  6189 | D:8      | Upgraded the game from 0.31-a0-188-g5e087ee2ca to
                  | 0.31-a0-196-g86fe4a5e66
  6231 | D:8      | Found a flagged portal.
  6240 | Bailey   | Entered a bailey
  6247 | Bailey   | Learned a level 5 spell: Summon Mana Viper
  6253 | Bailey   | Noticed a nameless horror
  6316 | Bailey   | Slain by an ogre

Illustrated notes

Levels and vault maps discovered:
D:1:      mrwooster_arrival_statue_2, layout_rooms, minmay_heptomino_l4
D:2:      minmay_angry_zag, layout_rooms, serial_shops, shop
D:3:      layout_rooms, uniq_sigmund
D:4:      layout_rooms, general_overflow_altar, amcnicky_altar_gilded,
          serial_shops, nicolae_shop_tiny_statue_garden,
          dreamdust_princess_bridge
D:5:      minmay_razor_zed, layout_loops_corners, uniq_blork_the_orc
D:6:      dreamdust_elfheim, layout_loops_ring, nicolae_ru_awakened_eye,
          nicolae_sif_muna_condensation, lemuel_mausoleum_altar_kikubaaqudgha,
          mainiacjoe_overflow_tiny_flanked
D:7:      layout_rooms, tso_oasis_becter, jmf_multi_god_temple2,
          minmay_temple_entry_oklob, minmay_manual_mail
D:8:      layout_rooms, enter_bailey_2, kennysheep_flooded_box,
          nicolae_diode_basic, uniq_erica, uniq_pikel, uniq_psyche
Temple:   hellmonk_temple_beads
Bailey:   bailey_polearm_enchanted_keep_hellmonk, bailey

Skill      XL: |  1  2  3  4  5  6  7  8  9 |
---------------+----------------------------+-----
Spellcasting   | 3 4 6 7 8 |  8.6
Summonings     | 5 6 8 9 |  9.9
Hexes          | 2 4 5 |  5.0
Air Magic      | 1 3 5 |  5.4
Stealth        | 8 5 |  8.0
Dodging        | |  2.6

Action                     |  1- 3 |  4- 6 |  7- 9 || total
---------------------------+-------+-------+-------++-------
  Melee: Unarmed           |     1 |       |     6 ||     7
   Cast: Summon Small Mamm |    23 |    29 |    62 ||   114
         Call Imp          |    10 |    13 |    33 ||    56
         Call Canine Famil |     5 |    19 |    45 ||    69
         Summon Guardian G |       |     3 |    24 ||    27
         Summon Lightning  |       |       |     6 ||     6
         Summon Mana Viper |       |       |     2 ||     2
    Use: Potion            |       |     1 |     3 ||     4
         Scroll            |       |     1 |    10 ||    11
   Stab: Sleeping          |     1 |       |       ||     1
 Armour: Skin              |       |     4 |       ||     4
  Dodge: Dodged            |    26 |    31 |    54 ||   111

Table legend: (Time is in decaauts)
 A = Elapsed time spent in this place.
 B = Non-inter-level travel time spent in this place.
 C = Inter-level travel time spent in this place.
 D = Time resting spent in this place.
 E = Time spent auto-exploring this place.
 F = Levels seen in this place.
 G = Mean time per level.
                   A        B        C        D        E       F      G
               +--------+--------+--------+--------+--------+-----+--------+
         Total |   5388 |   5193 |    195 |    242 |   2862 |  10 |  538.8 |
       Dungeon |   5240 |   5056 |    184 |    242 |   2786 |   8 |  655.0 |
        Temple |     93 |     83 |     10 |      0 |     72 |   1 |   93.0 |
        Bailey |     55 |     55 |      0 |      0 |      4 |   1 |   55.0 |
               +--------+--------+--------+--------+--------+-----+--------+

Top non-repeatable levels by time:
     D:5: 1108 daAuts
     D:6: 892 daAuts
     D:7: 862 daAuts
     D:1: 637 daAuts
     D:4: 594 daAuts
     D:2: 569 daAuts
     D:3: 403 daAuts
     D:8: 172 daAuts
  Temple: 93 daAuts
  Bailey: 55 daAuts
